 Dungeon Crawl Stone Soup version 0.25.0-1-g7eea58d (webtiles) character file.

Game seed: 8602762337143702537

83367 GeorgeSoros the Unseen (level 15, -3/77 HPs)
             Began as a Spriggan Enchanter on June 16, 2020.
             Was an Initiate of Gozag.
             Slain by a merfolk
             ... wielding a +0 halberd
              (21 damage)
             ... on level 2 of the Shoals on June 17, 2020.
             The game lasted 02:53:38 (30912 turns).

GeorgeSoros the Unseen (Spriggan Enchanter)        Turns: 30912, Time: 02:53:39

Health: -3/77      AC: 10    Str:  7    XL:     15   Next: 32%
Magic:  21/23      EV: 34    Int: 22    God:    Gozag
Gold:   4313       SH:  0    Dex: 18    Spells: 8/23 levels left

rFire    . . .     SeeInvis +   a - +4 dagger (freeze)
rCold    . . .     Gourm    .   (shield restricted)
rNeg     . . .     Faith    .   r - +3 steam dragon scales
rPois    +         Spirit   .   q - +2 hat
rElec    .         Reflect  .   Y - scarf {repulsion}
rCorr    .         Harm     .   (gloves unavailable)
MR       +++..                  (boots unavailable)
Stlth    ++++++++..             x - amulet "Jyex Zep" {rPois Regen+ Int+3}
HPRegen  0.62/turn              t - ring of protection from magic
MPRegen  0.18/turn              M - ring of stealth

@: lethally poisoned (-3 -> -15), confusing touch, repel missiles, very quick
A: very small, unfitting armour, see invisible, herbivore, speed 3, slow
metabolism 2
a: Potion Petition, Call Merchant, Bribe Branch, Renounce Religion


You were on level 2 of the Shoals.
You worshipped Gozag.
Gozag was most pleased with you.
You were not hungry.

You visited 5 branches of the dungeon, and saw 24 of its levels.
You also visited: Bailey and Volcano.

You collected 7988 gold pieces.
You spent 3049 gold pieces at shops.
You paid 626 gold pieces to Gozag.

Inventory:

Hand Weapons
 a - a +4 dagger of freezing (weapon)
 m - the +1 dagger of Hospitality {drain, rF+}
   (You found it on level 5 of the Dungeon)

   A truly terrible weapon, it drains the life of those it strikes.
   It protects you from fire.
 H - a +1 shortbow of flaming
Missiles
 w - 64 poisoned darts (quivered)
 O - 240 arrows
Armour
 q - a +2 hat (worn)
 r - +3 steam dragon scales (worn)
 P - a scarf of resistance
 Y - a scarf of repulsion (worn)
Jewellery
 f - an uncursed ring of stealth
 t - a ring of protection from magic (left hand)
 v - an uncursed ring of protection from cold
 x - the amulet "Jyex Zep" (around neck) {rPois Regen+ Int+3}
   (You bought it in a shop on level 8 of the Dungeon)

   [amulet of regeneration]

   It affects your intelligence (+3).
   It protects you from poison.
   It increases your rate of regeneration.
 D - an uncursed ring of positive energy
 E - an uncursed ring of ice
 M - a ring of stealth (right hand)
 U - a +4 ring of evasion
Wands
 e - a wand of paralysis (12)
 l - a wand of disintegration (58)
 p - a wand of polymorph (9)
 s - a wand of clouds (4)
 S - a wand of flame (21)
 W - a wand of random effects (21)
Scrolls
 c - a scroll of silence
 n - 2 scrolls of immolation
 u - 6 scrolls of teleportation
 y - 2 scrolls of enchant weapon
 K - 3 scrolls of fog
 L - 5 scrolls of remove curse
 R - 2 scrolls of identify
 T - 2 scrolls of magic mapping
 V - a scroll of amnesia
 X - a scroll of blinking
Potions
 b - 4 potions of berserk rage
 g - 4 potions of mutation
 h - a potion of invisibility
 i - 5 potions of flight
 j - 9 potions of curing
 k - 4 potions of resistance
 o - 6 potions of heal wounds
 z - 3 potions of might
 A - 2 potions of magic
 C - a potion of cancellation
 F - a potion of ambrosia
 G - a potion of haste
 J - a potion of brilliance
 N - 3 potions of stabbing
Miscellaneous
 B - a box of beasts
 I - a phial of floods
Comestibles
 d - 9 rations


   Skills:
 - Level 8.0 Fighting
 - Level 10.0 Short Blades
 + Level 12.1 Bows
 - Level 18.0 Dodging
 - Level 18.0 Stealth
 + Level 4.6 Spellcasting
 + Level 12.4 Hexes
 - Level 2.0 Ice Magic
 - Level 10.0 Evocations


You had 8 spell levels left.
You knew the following spells:

 Your Spells              Type           Power        Failure   Level  Hunger
a - Corona                Hex            ######.      1%          1    None
b - Ensorcelled Hibernat  Hex/Ice        #####.       1%          2    None
c - Tukima's Dance        Hex            ######..     1%          3    ##.....
d - Confusing Touch       Hex            ######..     1%          3    ##.....
e - Invisibility          Hex            ######..     10%         6    #######

Your spell library contained the following spells:

 Spells                   Type           Power        Failure   Level  Hunger
 Dazzling Flash           Conj/Hex       ####..       2%          3    ##.....
 Summon Guardian Golem    Hex/Summ       ####....     2%          3    ##.....
 Darkness                 Hex            ######....   10%         6    #######
 Animate Skeleton         Necr           N/A          11%         1    None
 Pain                     Necr           #...         11%         1    None
 Summon Small Mammal      Summ           #...         11%         1    None
 Call Imp                 Summ           #.......     16%         2    None
 Corpse Rot               Necr/Air       N/A          16%         2    None
 Passwall                 Tmut/Erth      #.......     16%         2    None
 Sublimation of Blood     Necr           #.........   16%         2    None
 Swiftness                Chrm/Air       #.......     16%         2    None
 Call Canine Familiar     Summ           #.......     32%         3    ##.....
 Vampiric Draining        Necr           #.........   32%         3    ##.....
 Summon Ice Beast         Ice/Summ       #.......     56%         4    ####...
 Animate Dead             Necr           N/A          71%         4    ####...
 Dispel Undead            Necr           #.......     71%         4    ####...
 Passage of Golubria      Tloc           N/A          71%         4    ####...
 Summon Lightning Spire   Summ/Air       #.......     71%         4    ####...
 Agony                    Necr           #.......     96%         5    #####..
 Excruciating Wounds      Chrm/Necr      #.........   96%         5    #####..
 Irradiate                Conj/Tmut      #.........   96%         5    #####..
 Lee's Rapid Deconstruct  Erth           #.........   96%         5    #####..
 Hydra Form               Tmut           #.........   100%        6    #######
 Statue Form              Tmut/Erth      #........    100%        6    #######
 Dragon Form              Tmut           #.........   100%        7    #######


Dungeon Overview and Level Annotations

Branches:
Dungeon (13/15)            Temple (0/1) D:5            Lair (6/6) D:11
 Shoals (2/4) Lair:3       Spider (1/4) Lair:3        Slime (0/5) Lair:6
    Orc (2/2) D:9             Elf (0/3) Orc:2        Vaults (0/5) D:13
 Bailey (visited)         Volcano (visited)

Altars:
Ashenzari
Cheibriados
Dithmenos
Gozag
Trog
Beogh
Jiyva

Shops:
D:5 [[=   D:8 =   D:10 %   D:11 :   Orc:2 %[[(}?

Annotations:
Lair:4 exclusion: 3 oklob plants
Orc:2 3 runed translucent doors, Necsenou's ghost, journeyman GnWn


Innate Abilities, Weirdness & Mutations

You are very small and have problems with some larger weapons.
You are too small for most types of armour.
You have supernaturally acute eyesight. (SInv)
You are a herbivore.
You cover ground extremely quickly.
You need to consume almost no food.


Message History

The merfolk impaler hits you with a +1 trident of venom!
The merfolk misses you.
You barely miss the merfolk impaler. The merfolk impaler misses you.
The merfolk hits you but does no damage.
The merfolk hits you with a +0 glaive.
You hit the merfolk impaler but do no damage.
The merfolk impaler barely misses you. The merfolk misses you.
You hit the merfolk impaler but do no damage.
The merfolk closely misses you.
The merfolk impaler completely misses you.
You hit the merfolk impaler but do no damage.
The merfolk hits you with a +0 glaive! The merfolk completely misses you.
The merfolk impaler hits you with a +1 trident of venom!!
* * * LOW HITPOINT WARNING * * *
You are lethally poisoned!
You feel much better.
You feel very sick.
The merfolk hits you from afar with a +0 halberd!!
You die...
Your body crumbles into a pile of gold.

≈≈.≈≈.....≈≈≈≈≈....##
≈≈≈≈≈≈≈.....≈≈.........(
≈≈≈≈≈≈PPP...≈≈..........
≈≈≈≈≈PP≈≈).≈≈≈≈....≈....
≈≈≈≈≈PPPP......≈....≈...
≈≈≈≈≈PPP.###..≈.....≈...
≈≈≈.≈PPP.###.$>≈≈≈≈≈≈≈..
≈...P≈mm.%...≈≈≈≈≈≈≈≈...
.....≈P@.....≈≈≈≈≈≈≈.<.#
.###..m..≈≈≈≈≈≈≈≈≈≈≈..##
#..≈m≈≈P≈≈≈≈≈≈≈≈≈..#
#..≈≈≈≈≈≈≈≈≈≈≈≈≈≈≈.#
..>.≈≈≈≈≈P≈≈≈≈≈≈≈≈≈..
≈≈.≈≈≈≈≈P≈≈≈≈≈≈≈≈≈≈≈≈.
≈≈≈≈≈≈≈≈≈≈P≈PP≈≈≈≈≈≈≈≈≈
≈≈≈≈≈≈≈≈≈≈≈≈≈≈≈≈≈≈≈≈≈≈≈≈


You could see a merfolk impaler and 3 merfolk.

Vanquished Creatures
  An orc warlord (Orc:2)
  2 entropy weavers (Lair:3)
  Nessos (Orc:2)
  Snorg (Lair:3)
  A fire dragon (Lair:6)
  3 hydras
  Fannar (Lair:1)
  Harold (Orc:1)
  A catoblepas (D:12)
  Erica (Lair:1)
  7 two-headed ogres
  A tengu warrior (D:13)
  6 death yaks
  A fire crab (Lair:6)
  5 skeletal warriors (D:11)
  3 unseen horrors
  2 sea snakes (Shoals:1)
  3 harpies (Shoals:1)
  A necromancer (D:11)
  7 orc knights (Orc:2)
  An ugly thing (D:12)
  A wolf spider (Lair:3)
  A manticore (Shoals:1)
  3 cyclopes
  2 merfolk sirens (Shoals:1)
  2 salamanders (Volcano)
  Joseph (Lair:1)
  10 elephants
  Maurice (D:8)
  5 black mambas
  3 molten gargoyles (Lair:6)
  15 spiny frogs
  Maggie (D:6)
  A kobold demonologist (D:13)
  6 komodo dragons (Lair:6)
  A rime drake (Lair:4)
  A jumping spider (Spider:1)
  3 trolls
  A hornet (D:10)
  2 merfolk
  Grinder (D:6)
  15 blink frogs
  7 hippogriffs
  6 slime creatures (D:13)
  3 snapping turtles
  4 flying skulls (D:11)
  3 shadows (D:11)
  7 wyverns
  2 wraiths (D:11)
  A spriggan (D:7)
  A water elemental (Shoals:1)
  6 redbacks
  Eustachio (D:6)
  39 yaks
  6 basilisks
  A fire bat (Volcano)
  A hungry ghost (D:12)
  A steam dragon (Lair:6)
  3 vampire mosquitoes (D:12)
  8 wargs
  2 acid dragons
  8 hell hounds
  17 water moccasins
  6 porcupines
  5 sky beasts
  40 orc warriors
  An ice beast (D:7)
  4 black bears
  2 hornet zombies
  2 necrophages
  2 phantoms (D:11)
  10 ogres
  4 wolves (Lair:2)
  10 centaurs
  19 crocodiles
  11 bullfrogs
  4 earth elementals (D:12)
  A wyvern skeleton (D:10)
  10 killer bees
  An electric eel (Lair:3)
  4 howler monkeys
  6 wights
  6 crimson imps
  3 lava snakes (Lair:6)
  7 centaur zombies
  13 orc priests
  13 orc wizards
  6 centaur skeletons
  7 hounds
  4 bullfrog skeletons
  An iguana (D:8)
  9 hell rats
  6 worker ants
  2 hound zombies (D:6)
  2 hound skeletons (D:11)
  A howler monkey zombie (D:8)
  4 worker ant zombies (D:11)
  9 adders
  8 gnolls
  A howler monkey skeleton (D:11)
  4 shadow imps
  An adder skeleton (D:5)
  An adder zombie (D:9)
  5 worms
  2 dart slugs
  6 leopard geckos
  64 orcs
  9 giant cockroaches
  6 goblins
  6 hobgoblins
  13 jackals
  7 quokkas
  2 ball pythons
  6 bats
  6 frilled lizards
  13 kobolds
  7 rats
655 creatures vanquished.

Vanquished Creatures (collateral kills)
  Jorgrun (Orc:2)
  A spiny frog (Lair:6)
  Edmund (D:5)
  A gnoll sergeant (D:9)
  A wight (D:9)
  A hound skeleton (D:8)
  An orc (D:6)
7 creatures vanquished.

Vanquished Creatures (others)
  3 dancing weapons
  A komodo dragon (Lair:6)
  An electric eel (Lair:3)
  A hell rat (Lair:3)
  2 fungi (Lair:4)
8 creatures vanquished.

Grand Total: 670 creatures vanquished

Notes
Turn   | Place    | Note
-------+----------+-------------------------------------------
     0 | D:1      | GeorgeSoros the Spriggan Enchanter began the quest for the
                  | Orb.
     0 | D:1      | Reached XP level 1. HP: 9/9 MP: 5/5
   451 | D:1      | Reached XP level 2. HP: 11/13 MP: 4/6
   473 | D:1      | Learned a level 2 spell: Ensorcelled Hibernation
  1489 | D:1      | Reached skill level 5 in Stealth
  1519 | D:1      | Reached XP level 3. HP: 13/16 MP: 6/8
  2465 | D:2      | Found an opulent altar of Gozag.
  2478 | D:2      | Became a worshipper of Gozag Ym Sagoz the Greedy
  2614 | D:2      | Learned a level 3 spell: Tukima's Dance
  3356 | D:3      | Reached XP level 4. HP: 19/21 MP: 6/9
  4512 | D:4      | Noticed a bullfrog
  4521 | D:4      | Learned a level 3 spell: Confusing Touch
  4593 | D:4      | Killed a bullfrog
  4593 | D:4      | Reached skill level 1 in Ice Magic
  4593 | D:4      | Reached XP level 5. HP: 20/24 MP: 0/10
  5279 | D:4      | Reached skill level 5 in Hexes
  5438 | D:4      | Noticed a sky beast
  5454 | D:4      | Reached XP level 6. HP: 19/28 MP: 6/11
  5602 | D:4      | Killed a sky beast
  5602 | D:4      | Reached skill level 5 in Dodging
  6467 | D:5      | Entered Level 5 of the Dungeon
  6468 | D:5      | Found Ympacymp's Antique Armour Shoppe.
  6628 | D:5      | Noticed a water moccasin
  6631 | D:5      | Killed a water moccasin
  6631 | D:5      | Reached XP level 7. HP: 30/32 MP: 12/12
  6645 | D:5      | Noticed Edmund
  6669 | D:5      | Found Xoinass's Antique Armour Emporium.
  6772 | D:5      | Reached skill level 1 in Evocations
  7424 | D:5      | Killed Edmund
  7617 | D:5      | Got a fine dagger
  7619 | D:5      | Identified the +1 dagger of Hospitality {drain, rF+} (You
                  | found it on level 5 of the Dungeon)
  7710 | D:5      | Found Duisk's Jewellery Emporium.
  7718 | D:5      | Bought an uncursed amulet of regeneration for 420 gold
                  | pieces
  7783 | D:5      | Found a staircase to the Ecumenical Temple.
  7899 | D:6      | Reached XP level 8. HP: 35/35 MP: 10/13
  7987 | D:6      | Reached skill level 5 in Short Blades
  8303 | D:6      | Noticed Maggie
  8333 | D:6      | Killed Maggie
  8549 | D:6      | Noticed Grinder
  8564 | D:6      | Killed Grinder
  8772 | D:6      | Noticed Eustachio
  8779 | D:6      | Killed Eustachio
  8779 | D:6      | Reached skill level 5 in Evocations
  8983 | D:7      | Found a flagged portal.
  9042 | D:7      | Reached skill level 10 in Stealth
  9042 | D:7      | Reached XP level 9. HP: 15/38 MP: 5/14
  9115 | Bailey   | Entered a bailey
  9719 | D:8      | Noticed a two-headed ogre
  9723 | D:8      | Noticed Maurice
  9978 | D:8      | Killed a two-headed ogre
  9978 | D:8      | Reached skill level 1 in Fighting
 10093 | D:8      | Killed Maurice
 10408 | D:8      | Found Fuohoug's Jewellery Shoppe.
 10414 | D:8      | Bought the amulet "Jyex Zep" {rPois Regen+ Int+3} for 617
                  | gold pieces
 10916 | D:9      | Found a shadowy altar of Dithmenos.
 10962 | D:9      | Found a staircase to the Orcish Mines.
 11116 | D:9      | Noticed a two-headed ogre
 11127 | D:9      | Killed a two-headed ogre
 11127 | D:9      | Reached XP level 10. HP: 48/48 MP: 1/15
 11369 | D:9      | Noticed a two-headed ogre
 11806 | D:9      | Killed a two-headed ogre
 12342 | D:9      | Found a roughly hewn altar of Beogh.
 12701 | D:10     | Entered Level 10 of the Dungeon
 13208 | D:10     | Reached skill level 10 in Dodging
 13531 | D:10     | Found Touguf's Food Emporium.
 13881 | D:11     | Reached skill level 5 in Fighting
 13881 | D:11     | Reached XP level 11. HP: 30/54 MP: 4/16
 13950 | D:11     | Noticed a necromancer
 13994 | D:11     | Killed a necromancer
 14000 | D:11     | Found a gate leading to a gauntlet.
 14293 | D:11     | Reached skill level 10 in Short Blades
 14366 | D:11     | Noticed a skeletal warrior
 14487 | D:11     | Noticed a skeletal warrior
 14487 | D:11     | Noticed a skeletal warrior
 14488 | D:11     | Noticed a death yak
 14501 | D:11     | Noticed a skeletal warrior
 14557 | D:11     | Noticed a death yak
 14641 | D:11     | Found a snail-covered altar of Cheibriados.
 14672 | D:11     | Noticed an unseen horror
 14679 | D:11     | Killed an unseen horror
 14869 | D:11     | Noticed an unseen horror
 14874 | D:11     | Killed an unseen horror
 14913 | D:11     | Noticed a death yak
 15038 | D:11     | Found a staircase to the Lair.
 15082 | D:11     | Noticed a skeletal warrior
 15085 | D:11     | Killed a skeletal warrior
 15137 | Lair:1   | Entered Level 1 of the Lair of Beasts
 15138 | Lair:1   | Noticed Erica
 15154 | Lair:1   | Killed Erica
 15166 | Lair:1   | Identified a scroll of acquirement
 15273 | Lair:1   | Reached skill level 15 in Stealth
 15560 | Lair:1   | Noticed Joseph
 15572 | Lair:1   | Killed Joseph
 15586 | Lair:1   | Reached XP level 12. HP: 59/59 MP: 19/19
 15784 | Lair:1   | Noticed Fannar
 15788 | Lair:1   | Killed Fannar
 17938 | Lair:3   | Found a hole to the Spider Nest.
 18147 | Lair:3   | Reached skill level 10 in Hexes
 18254 | Lair:3   | Noticed Snorg
 18261 | Lair:3   | Killed Snorg
 18261 | Lair:3   | Reached skill level 10 in Evocations
 18853 | Lair:4   | Noticed an eight-headed hydra
 18856 | Lair:4   | Killed an eight-headed hydra
 19272 | Lair:4   | Reached XP level 13. HP: 46/66 MP: 6/21
 19454 | Lair:4   | Reached skill level 15 in Dodging
 20787 | Lair:6   | Entered Level 6 of the Lair of Beasts
 20906 | Lair:6   | Found a staircase to the Slime Pits.
 20906 | Lair:6   | Found a viscous altar of Jiyva.
 21688 | Lair:6   | Noticed a fire dragon
 21692 | Lair:6   | Found a large runed translucent door.
 21823 | Lair:6   | Found a large runed translucent door.
 22055 | Lair:6   | Killed a fire dragon
 22553 | Lair:6   | Reached XP level 14. HP: 72/72 MP: 9/22
 23360 | Orc:1    | Entered Level 1 of the Orcish Mines
 23740 | Orc:2    | Entered Level 2 of the Orcish Mines
 23757 | Orc:2    | Found Okeus's Food Shop.
 23768 | Orc:2    | Found Jecugg's Antique Armour Shop.
 23776 | Orc:2    | Found a staircase to the Elven Halls.
 23827 | Orc:2    | Found a bloodstained altar of Trog.
 23879 | Orc:2    | Found a dark tunnel.
 23884 | Volcano  | Entered a volcano
 24138 | Volcano  | Reached skill level 1 in Bows
 24390 | Orc:2    | Noticed Nessos
 24409 | Orc:2    | Killed Nessos
 24672 | Orc:2    | Noticed an orc warlord
 24915 | Orc:2    | Bought an embroidered scarf for 264 gold pieces
 25004 | Orc:2    | Noticed Necsenou's ghost (journeyman GnWn)
 25074 | Orc:2    | Killed an orc warlord
 25262 | Orc:2    | Found Qeufruuta's Gadget Boutique.
 25262 | Orc:2    | Found Itetih's Magic Scroll Emporium.
 25482 | Orc:2    | Bought a scroll of identify for 28 gold pieces
 25850 | Orc:2    | Found Vefrou's Antique Weapon Emporium.
 25850 | Orc:2    | Found Igo Sies's Armour Boutique.
 25870 | Orc:2    | Bought a glowing dagger for 160 gold pieces
 25943 | Orc:2    | Found a roughly hewn altar of Beogh.
 26039 | Orc:2    | Found a runed translucent gate.
 26039 | Orc:2    | Found a runed translucent gate.
 26039 | Orc:2    | Found a runed translucent gate.
 26057 | Orc:2    | Noticed Jorgrun
 26091 | Orc:2    | Killed Jorgrun
 26091 | Orc:2    | Reached skill level 5 in Bows
 26534 | Orc:1    | Noticed Harold
 26552 | Orc:1    | Killed Harold
 26880 | Orc:1    | Found a roughly hewn altar of Beogh.
 28434 | D:12     | Reached skill level 10 in Bows
 28586 | D:13     | Found a shattered altar of Ashenzari.
 28828 | D:13     | Reached XP level 15. HP: 76/76 MP: 19/23
 29171 | D:13     | Found a gate to the Vaults.
 29406 | Spider:1 | Entered Level 1 of the Spider Nest
 29651 | D:11     | Bought a book of Transfigurations for 660 gold pieces
 29651 | D:11     | Bought a book of Burglary for 900 gold pieces
 29658 | D:11     | Learned a level 6 spell: Invisibility
 29766 | Lair:3   | Found a staircase to the Shoals.
 29826 | Lair:3   | HP: 2/76 [redback (17)]
 30226 | Shoals:1 | Entered Level 1 of the Shoals
 30912 | Shoals:2 | Slain by a merfolk

Illustrated notes

Levels and vault maps discovered:
D:1:      lightli_arrival_noodles, layout_basic, serial_curves, eino_curves_03,
          eino_curves_01, eino_curves_01, eino_curves_03
D:2:      layout_basic, nicolae_gozag_cash_rules_everything_around_me
D:3:      layout_basic
D:4:      layout_loops_cross, minmay_hedge_maze
D:5:      layout_rooms, minmay_temple_entry_from_below_a, first_ration,
          serial_shops, nicolae_shop_waterfront, nicolae_shop_stone, shop,
          uniq_edmund
D:6:      layout_loops_corners, uniq_maggie, uniq_eustachio, uniq_grinder
D:7:      layout_gridville, enter_bailey_2, the_bakery
D:8:      layout_rooms, serial_shops, shop, grunt_ministairs_2,
          nicolae_zen_rock_garden, nicolae_two_hexagons, uniq_maurice
D:9:      layout_stronghold, grunt_dithmenos_smoke_and_mirrors,
          minmay_orc_entry_temple_small, st_stairs_7
D:10:     layout_long_grid, serial_shops, nicolae_shop_trees
D:11:     hangedman_screamer, layout_loops_ring, dpeg_lair_monsters,
          basic_altar, gauntlet_entry_generic
D:12:     layout_loops_ring, hangedman_cracks_in_the_wall
D:13:     layout_cave_pools, lightli_vaults_fourway_checkpoint,
          nicolae_ashenzari_panopticon
Lair:1:   layout_chaotic_city, uniq_erica, uniq_joseph, uniq_fannar
Lair:2:   layout_cave_pods
Lair:3:   layout_small_grid, minmay_shoals_entry_hut, spider_nest_entry_rubble,
          nicolae_quartered_pool_super, uniq_snorg
Lair:4:   layout_loops_ring, infiniplex_staircase_pool,
          minmay_lair_oklob_chamber, grunt_megastairs_3
Lair:5:   layout_cave_pods, lemuel_fruit_tree, grunt_megastairs_1,
          lemuel_fruit_fields
Lair:6:   cheibrodos_lair_end_hotspot, layout_cave_shapes, slime_altar_1
Shoals:1: layout_shoals
Shoals:2: layout_shoals
Spider:1: layout_spider_delve
Orc:1:    layout_caves, david_defended_altar_orc, uniq_harold
Orc:2:    st_orc_town, layout_caves, serial_shops, shop_fountains,
          nicolae_shop_window_shopping, maelrawn_ghost_gauntlet_escape,
          basic_altar, nicolae_volcano_entry_s_turn, uniq_jorgrun, uniq_nessos

Skill      XL: |  1  2  3  4  5  6  7  8  9 10 11 12 13 14 15 |
---------------+----------------------------------------------+-----
Hexes          | 4 5 6 9 10 11 12 | 12.4
Spellcasting   | 3 4 |  4.6
Stealth        | 5 6 7 8 10 12 13 15 16 18 | 18.0
Short Blades   | 2 4 6 8 9 10 | 10.0
Dodging        | 4 5 6 8 10 12 14 17 18 | 18.0
Ice Magic      | 1 2 |  2.0
Evocations     | 2 5 6 8 10 | 10.0
Fighting       | 3 5 7 8 |  8.0
Bows           | 10 12 | 12.1

Action                   |  1- 3 |  4- 6 |  7- 9 | 10-12 | 13-15 || total
-------------------------+-------+-------+-------+-------+-------++-------
Melee: Dagger            |   210 |   168 |   344 |  1066 |  1779 ||  3567
       Unarmed           |       |       |    12 |       |       ||    12
Throw: Dart              |       |       |       |     1 |    17 ||    18
 Cast: Corona            |    18 |     8 |    14 |     1 |       ||    41
       Ensorcelled Hiber |     7 |    30 |    44 |    53 |    86 ||   220
       Confusing Touch   |       |       |    12 |    54 |   130 ||   196
       Tukima's Dance    |       |       |    11 |    17 |     4 ||    32
Invok: Call Merchant     |       |       |       |       |     1 ||     1
Evoke: Wand              |       |       |       |     1 |       ||     1
       Box of beasts     |       |       |       |       |     2 ||     2
       Phial of floods   |       |       |       |       |     1 ||     1
  Use: Scroll            |     1 |     3 |    11 |    11 |    15 ||    41
       Potion            |       |       |     1 |       |     3 ||     4
 Stab: Sleeping          |    17 |    23 |    32 |    77 |   111 ||   260
       Confused          |       |       |    10 |    42 |   145 ||   197
       Distracted        |       |       |       |    10 |    14 ||    24
       Invisible         |       |       |       |       |     3 ||     3
  Eat: Ration            |     1 |     2 |     5 |     9 |    16 ||    33
Armor: Robe              |    24 |     7 |     8 |       |       ||    39
       Steam dragon scal |       |       |    14 |    55 |    93 ||   162
       Skin              |       |       |     5 |       |       ||     5
Dodge: Dodged            |   184 |   100 |   210 |   527 |  1136 ||  2157
